 Dungeon Crawl Stone Soup version 0.26.0-8-g74fc34ddfb (webtiles) character file.

Game seed: 2604142067590847019

123 Delamore the Shield-Bearer (level 5, -1/34 HPs)
             Began as a Gargoyle Fighter on Jan 12, 2021.
             Slain by a bullfrog (5 damage)
             ... in a sewer.
             The game lasted 00:02:43 (1962 turns).

Delamore the Shield-Bearer (Gargoyle Fighter)       Turns: 1962, Time: 00:02:43

Health: -1/34      AC: 10    Str: 21    XL:     5   Next: 7%
Magic:  5/5        EV:  7    Int:  8    God:
Gold:   91         SH:  9    Dex:  9    Spells: 4/4 levels left

rFire    . . .     SeeInvis .   a - +0 flail
rCold    . . .     Faith    .   c - +0 kite shield
rNeg     + . .     Spirit   .   b - +0 scale mail
rPois    ∞         Reflect  .   (no helmet)
rElec    +         Harm     .   (no cloak)
rCorr    +         Rampage  .   (no gloves)
Will     .....                  (no boots)
Stlth    ..........             (no amulet)
HPRegen  0.11/turn              s - ring of resist corrosion
MPRegen  0.09/turn              (no ring)

@: mighty, attractive
A: negative energy resistance 1, electricity resistance, unbreathing,
petrification resistance, miasma immunity, AC +4
a: no special abilities


You were in a sewer.
You visited 1 branch of the dungeon, and saw 3 of its levels.
You also visited: Sewer.

You collected 91 gold pieces.

Inventory:

Hand Weapons
 a - a +0 flail (weapon)
Missiles
 r - 16 poisoned darts (quivered)
Armour
 b - a +0 scale mail (worn)
 c - a +0 kite shield (worn)
Jewellery
 s - a ring of resist corrosion (left hand)
Scrolls
 e - a scroll of noise {unknown}
 h - a scroll of identify {unknown}
 i - a scroll of enchant armour {unknown}
 j - 2 scrolls of remove curse {unknown}
 l - a scroll of fog {unknown}
 n - a scroll of fear {unknown}
 p - a scroll of immolation {unknown}
 q - a scroll of amnesia {unknown}
Potions
 f - a potion of cancellation {unknown}
 k - a potion of brilliance {unknown}
 o - a potion of berserk rage {unknown}


   Skills:
 + Level 4.4 Fighting
 + Level 3.2 Maces & Flails
 - Level 3.2 Armour
 + Level 4.4 Shields


You had 4 spell levels left.
You didn't know any spells.
Your spell library was empty.

Dungeon Overview and Level Annotations

Branches:
Dungeon (3/15)              Sewer (1/1)

Altars:


Innate Abilities, Weirdness & Mutations

You are resistant to torment.
Your stone body is resilient. (AC +4)
You are immune to poison.
You resist negative energy. (rN+)
You are resistant to electric shocks. (rElec)
You can survive without breathing.
You are immune to petrification.
You are immune to miasma.


Message History

Your shield and scale mail prevent you from hitting the bullfrog.
The bullfrog is almost dead.
The bullfrog hits you but does no damage.
You block the bullfrog's attack. The bullfrog barely misses you.
The bullfrog hits you but does no damage.
You barely miss the bullfrog.
The bullfrog is almost dead.
The bullfrog hits you. x3
You closely miss the bullfrog.
The bullfrog is almost dead.
You block the bullfrog's attack. x2; The bullfrog hits you.
* * * LOW HITPOINT WARNING * * *
The bullfrog hits you.
* * * LOW HITPOINT WARNING * * *
You block the bullfrog's attack.
Okay, then.
You feel very mighty all of a sudden.
The bullfrog hits you but does no damage.
The bullfrog hits you.
You die...

#≈≈≈≈.≈≈≈≈≈≈≈≈≈≈..≈≈≈≈.#
#≈########≈≈≈≈≈≈≈≈.≈≈≈.#
#≈# ##≈≈≈≈≈≈≈≈≈.≈≈≈.#
#.# #≈≈≈≈≈≈≈≈≈≈≈≈≈≈.#
#.# #≈≈≈≈≈≈≈≈≈≈≈≈≈≈.#
#≈# #≈≈≈≈≈≈≈≈≈≈≈≈≈≈≈.#
#.# #≈≈∩.≈≈≈.≈≈≈≈≈≈≈.#
#≈# #≈≈≈.≈.FF≈≈≈≈≈≈≈.#
#.# #≈≈≈≈≈.≈≈@≈≈≈≈≈≈≈.#
#.# #≈≈≈≈≈≈..≈≈≈≈≈≈≈≈.#
### #.#
#≈≈≈≈≈.$≈≈≈≈≈≈≈≈≈.# #.#
#.# ≈≈≈≈.![?≈≈≈≈≈≈≈≈.#
#∩# #.#
≈≈≈≈.!≈≈≈≈≈≈≈≈≈.# #.#
#.# ≈≈≈≈≈.≈≈≈≈≈.≈≈≈.#
#∩# #.#
≈≈≈≈≈≈≈≈≈≈≈.≈≈≈.# #.#
#.# ≈≈≈≈≈≈≈≈≈≈≈.≈≈≈.#
#†# #.#
≈≈≈≈≈≈≈≈≈≈.≈≈≈.###.##


You could see 2 bullfrogs.

Vanquished Creatures
  5 adders
  An ooze (D:2)
  2 leopard geckos
  An orc (D:3)
  A ball python (Sewer)
  4 bats
  10 giant cockroaches
  8 goblins
  7 hobgoblins
  6 jackals (D:3)
  4 kobolds
  2 quokkas (D:2)
  9 frilled lizards
  7 rats
67 creatures vanquished.

Notes
Turn   | Place    | Note
-------+----------+-------------------------------------------
     0 | D:1      | Delamore the Gargoyle Fighter began the quest for the Orb.
     0 | D:1      | Reached XP level 1. HP: 14/14 MP: 1/1
    87 | D:1      | Reached XP level 2. HP: 19/19 MP: 2/2
   427 | D:1      | You fall into a shaft and drop 1 floor!
   762 | D:2      | Reached XP level 3. HP: 24/24 MP: 3/3
  1204 | D:2      | Reached XP level 4. HP: 26/29 MP: 4/4
  1541 | D:3      | Found a glowing drain.
  1553 | Sewer    | Entered a sewer
  1757 | Sewer    | Reached XP level 5. HP: 34/34 MP: 5/5
  1962 | Sewer    | Slain by a bullfrog

Illustrated notes

Levels and vault maps discovered:
D:1:      erik_arrival_triangle_medium, layout_basic
D:2:      layout_basic
D:3:      layout_loops_ring, portal_sewer_entry_d, uniq_grinder
Sewer:    sewer_frog_island_01

Skill      XL: |  1  2  3  4 |
---------------+-------------+-----
Fighting       | 4 |  4.4
Shields        | 4 |  4.4
Maces & Flails | 3 |  3.2
Armour         | |  3.2

Action                   |  1- 3 |  4- 6 || total
-------------------------+-------+-------++-------
Melee: Flail             |   129 |   174 ||   303
  Use: Potion            |       |     3 ||     3
Armor: Scale mail        |    67 |   143 ||   210
Dodge: Dodged            |    39 |    85 ||   124
Block: Kite shield       |    76 |   152 ||   228
